 Dungeon Crawl Stone Soup version 0.30-a0-782-ge64f9170bb (webtiles) character file.

Game seed: 10990834496642221387

625 Crownlay the Magician (level 7, -4/41 HPs)
             Began as an Octopode Earth Elementalist on Feb 26, 2023.
             Slain by a gnoll
             ... wielding a +0 halberd
              (15 damage)
             ... on level 5 of the Dungeon.
             The game lasted 00:05:28 (4562 turns).

Crownlay the Magician (Octopode Earth Elementalist) Turns: 4562, Time: 00:05:29

Health: -4/41      AC:  1    Str:  8    XL:     7   Next: 47%
Magic:  6/14       EV: 13    Int: 19    God:
Gold:   211        SH:  0    Dex: 12    Spells: 12/16 levels left

rFire   . . .      SeeInvis .    f - +0 spear
rCold   . . .      Faith    .    (no shield)
rNeg    . . .      Spirit   .    (helmet restricted)
rPois   .          Reflect  .    (no amulet)
rElec   .          Harm     .    (no ring)
rCorr   .          Rampage  .    (no ring)
Will    .....                    (no ring)
Stlth   +++                      (no ring)
HPRegen 0.26/turn                (no ring)
MPRegen 0.14/turn                (no ring)
                                 (no ring)
                                 (no ring)

@: no status effects
A: almost no armour, amphibious, 8 rings, camouflage 1, gelatinous body 1,
(nimble swimmer 1), tentacles
a: no special abilities


You were on level 5 of the Dungeon.
You visited 1 branch of the dungeon, and saw 5 of its levels.

You collected 211 gold pieces.

Inventory:

Hand Weapons
 f - a +0 spear (weapon)
Jewellery
 r - an amulet of guardian spirit
Wands
 n - a wand of polymorph (7)
Scrolls
 b - 2 scrolls of brand weapon
 h - a scroll of enchant armour
 i - a scroll of fear
 j - a scroll of enchant weapon
 o - a scroll of noise {unknown}
Potions
 a - a potion of magic
 c - 2 potions of lignification {unknown}
 d - 2 potions of curing {unknown}
 e - a potion of mutation {unknown}
 g - a potion of cancellation
 k - 2 potions of heal wounds
 l - a potion of might {unknown}
 m - 2 potions of attraction
 s - a potion of flight {unknown}


   Skills:
 - Level 2.0 Dodging
 - Level 2.6 Stealth
 * Level 5.3 Spellcasting
 + Level 2.6 Conjurations
 - Level 1.0 Transmutations
 + Level 2.7 Fire Magic
 + Level 4.7 Earth Magic


You had 12 spell levels left.
You knew the following spells:

 Your Spells              Type           Power      Damage    Failure   Level
a - Sandblast             Erth           46%        2d11      1%          1
b - Stone Arrow           Conj/Erth      38%        3d9       8%          3

Your spell library contained the following spells:

 Spells                   Type           Power      Damage    Failure   Level
 Foxfire                  Conj/Fire      60%        2x1d7     4%          1
 Passwall                 Tmut/Erth      12%        N/A       5%          2
 Sting                    Tmut/Pois      24%        1d4       10%         1
 Apportation              Tloc           10%        N/A       12%         1
 Necrotise                Necr           20%        1d5       12%         1
 Summon Small Mammal      Summ           20%        N/A       12%         1
 Poisonous Vapours        Pois/Air       10%        N/A       19%         2
 Inner Flame              Hex/Fire       10%        N/A       21%         3
 Petrify                  Tmut/Erth      15%        N/A       36%         4
 Fireball                 Conj/Fire      7%         3d5       73%         5
 Cause Fear               Hex            2%         N/A       77%         4
 Olgreb's Toxic Radiance  Pois           5%         N/A       77%         4
 Starburst                Conj/Fire      7%         6d4       99%         6
 Discord                  Hex            2%         N/A       100%        8


Dungeon Overview and Level Annotations

Branches:
Dungeon (5/15)
 Temple: D:4-7

Altars:
Cheibriados
Yredelemnul

Shops:
D:4 :


Innate Abilities, Weirdness & Mutations

You cannot wear most types of armour.
You are amphibious.
You can wear up to eight rings at the same time.
Your skin changes colour to match your surroundings (Stealth+).
Your rubbery body absorbs attacks. (AC +1, EV +1)
((You are camouflaged when in or above water. (Stealth+)))
You have tentacles for arms and can constrict up to eight enemies at once.


Message History

The jelly is almost dead.
The jelly quivers.
The blast of sand hits the jelly!
You kill the jelly!
You can't see any susceptible monsters within range! (Use Z to cast anyway.)
You can't see any susceptible monsters within range! (Use Z to cast anyway.)
The blast of sand hits the hound.
The hound is moderately wounded.
The hound barks!
You hear a shout!
You hear a bark!
A white imp comes into view.
The blast of sand hits the hound!
The hound is severely wounded.
The white imp shouts!
You hear a shout!
The hound closely misses you. The hound bites you.
The blast of sand hits the hound!!
You kill the hound!
A gnoll comes into view. It is wielding a +0 halberd.
The blast of sand hits the white imp but does no damage.
The white imp gestures at you. The puff of frost hits you!
The blast of sand hits the white imp!
The white imp is severely wounded.
The white imp hits you. The white imp freezes you.
The blast of sand hits the white imp!
You kill the white imp!
The blast of sand hits the gnoll.
The gnoll is heavily wounded.
The gnoll hits you from afar with a +0 halberd!
* * * LOW HITPOINT WARNING * * *
You are too injured to fight recklessly!
You are too injured to fight recklessly!
Casting: Sandblast (safe; 1% risk of failure)
Confirm with . or Enter, or press ? or * to list all spells.
Aiming: Sandblast (safe; 1% risk of failure)
Press: ? - help, Shift-Dir - straight line, f/p - gnoll
Aim: a gnoll, wielding a +0 halberd (heavily wounded, 85% to hit)
The blast of sand hits the gnoll.
The gnoll is heavily wounded.
The gnoll hits you from afar with a +0 halberd!
You die...

.. ........ ##.#
#....... ..... .##..(..#
..... #.#...... ......
#....... .....g# #......
......†## ##......
.......@###### ##.†..†..
.............###.......<
...........#..###.....#.
...[.............##.....
...........).....##.....
###.#####..)..).........
#. ##....)......... .
.<..........##..
###..........####


You could see a gnoll.

Vanquished Creatures
  2 black bears
  A necrophage (D:4)
  A hound (D:5)
  2 jellies
  An iguana (D:4)
  2 orc wizards (D:3)
  Robin (D:3)
  9 adders
  2 white imps
  A worm (D:5)
  A dart slug (D:1)
  10 orcs
  3 ball pythons
  9 endoplasms
  7 giant cockroaches
  14 goblins
  9 hobgoblins
  4 jackals (D:4)
  7 kobolds
  5 quokkas
  6 bats
  7 frilled lizards
  4 rats
108 creatures vanquished.

Notes
Turn   | Place    | Note
-------+----------+-------------------------------------------
     0 | D:1      | Crownlay the Octopode Earth Elementalist began the quest
                  | for the Orb.
     0 | D:1      | Reached XP level 1. HP: 11/11 MP: 3/3
   172 | D:1      | Reached XP level 2. HP: 17/17 MP: 1/5
   542 | D:1      | Reached XP level 3. HP: 21/21 MP: 4/7
  1075 | D:1      | Learned a level 3 spell: Stone Arrow
  1116 | D:2      | Reached skill level 3 in Spellcasting
  1408 | D:2      | Reached XP level 4. HP: 27/27 MP: 6/9
  2330 | D:3      | Noticed Robin
  2331 | D:3      | Reached XP level 5. HP: 31/31 MP: 5/10
  2343 | D:3      | Killed Robin
  2602 | D:3      | Reached skill level 1 in Conjurations
  2602 | D:3      | Reached skill level 1 in Fire Magic
  2664 | D:3      | Reached skill level 4 in Spellcasting
  2673 | D:3      | HP: 1/31 [orc wizard/magic dart (7)]
  3473 | D:4      | Noticed a black bear
  3480 | D:4      | Killed a black bear
  3481 | D:4      | Reached XP level 6. HP: 36/36 MP: 8/12
  3636 | D:4      | Found a snail-covered altar of Cheibriados.
  3991 | D:4      | Found Vics's Book Shop.
  4099 | D:4      | Found a basalt altar of Yredelemnul.
  4201 | D:4      | Reached XP level 7. HP: 41/41 MP: 9/14
  4402 | D:5      | Entered Level 5 of the Dungeon
  4407 | D:5      | Reached skill level 5 in Spellcasting
  4562 | D:5      | Slain by a gnoll

Illustrated notes

Levels and vault maps discovered:
D:1:      wander_arrival_fairy_ring, layout_basic, grunt_decor_resistance,
          chequers_serial_rivers_small_b, hangedman_decor_push,
          amcnicky_mini_rare_corridor_liquid, nrook_loot_triangle
D:2:      layout_basic, minmay_stone_trees_medium
D:3:      layout_basic, uniq_robin
D:4:      layout_basic, lemuel_crystal_altar, nicolae_overflow_hidden_temple,
          serial_shops, kennysheep_little_box
D:5:      layout_rooms, old_standard_altar, nicolae_gozag_zags_fifth_avenue,
          marbit_many_paths, dreamdust_gnoll_farm

Skill      XL: |  1  2  3  4  5  6  7 |
---------------+----------------------+-----
Spellcasting   | 3 4 5 |  5.3
Conjurations   | 1 2 |  2.6
Fire Magic     | 1 2 |  2.7
Earth Magic    | 4 |  4.7
Dodging        | |  2.0
Stealth        | |  2.6
Transmutations | |  1.0

Action                     |  1- 3 |  4- 6 |  7- 9 || total
---------------------------+-------+-------+-------++-------
  Melee: Unarmed           |     4 |       |       ||     4
         Constrict         |     3 |     1 |       ||     4
         Spear             |     4 |     5 |       ||     9
         Tentacles         |     1 |     1 |       ||     2
   Cast: Sandblast         |    49 |   103 |    29 ||   181
    Use: Scroll            |       |     4 |     2 ||     6
         Potion            |       |     2 |       ||     2
 Armour: Skin              |       |     2 |       ||     2
  Dodge: Dodged            |    14 |    37 |     6 ||    57

Table legend: (Time is in decaauts)
 A = Elapsed time spent in this place.
 B = Non-inter-level travel time spent in this place.
 C = Inter-level travel time spent in this place.
 D = Time resting spent in this place.
 E = Time spent auto-exploring this place.
 F = Levels seen in this place.
 G = Mean time per level.
                   A        B        C        D        E       F      G
               +--------+--------+--------+--------+--------+-----+--------+
         Total |   4651 |   4490 |    161 |      0 |   3887 |   5 |  930.2 |
       Dungeon |   4651 |   4490 |    161 |      0 |   3887 |   5 |  930.2 |
               +--------+--------+--------+--------+--------+-----+--------+

Top non-repeatable levels by time:
     D:4: 1217 daAuts
     D:2: 1139 daAuts
     D:1: 1111 daAuts
     D:3: 1010 daAuts
     D:5: 173 daAuts
